 Dungeon Crawl Stone Soup version 0.18.1-48-g4cf74bf (webtiles) character file.

11415 Joat the Martial Artist (level 11, 0/91 HPs)
             Began as a Grey Draconian Transmuter on Aug 18, 2016.
             Was a Follower of Ru.
             Slain by an unseen horror (6 damage)
             ... on level 10 of the Dungeon.
             The game lasted 01:17:24 (13662 turns).

Joat the Martial Artist (DrTm)                     Turns: 13662, Time: 01:17:25

Health: 0/91       AC: 13    Str: 19    XL:     11   Next: 49%
Magic:  19/19      EV: 17    Int: 13    God:    Ru [*.....]
Gold:   111        SH:  0    Dex: 19    Spells: 3 memorised, 11 levels left

rFire  . . .     SeeInvis .       - Unarmed
rCold  . . .     Gourm    .     (armour unavailable)
rNeg   + . .     Faith    .     (no shield)
rPois  .         Spirit   .     (helmet restricted)
rElec  .         Dismiss  .     (no cloak)
rCorr  .         Reflect  .     B - +0 pair of gloves
SustAt .         Harm     .     (no boots)
MR     .....                    (no amulet)
Stlth  +.........               G - ring of positive energy
                                j - +5 ring of dexterity

@: mighty, about to teleport, very slightly contaminated, not resistant to
hostile enchantments, very unstealthy
A: walk through water, unfitting armour, hooves 1, unbreathing, cold-blooded, no
conjurations magic, no hexes magic, no poison magic, AC +12
a: Renounce Religion


You were on level 10 of the Dungeon.
You worshipped Ru.
Ru was aware of your devotion.
You were not hungry.

You visited 2 branches of the dungeon, and saw 11 of its levels.

You collected 631 gold pieces.
You spent 520 gold pieces at shops.

Inventory:

Missiles
 a - 226 arrows
Armour
 e - a +0 pair of boots
 g - a +1 shield of protection
 B - a +0 pair of gloves (worn)
Jewellery
 j - a +5 ring of dexterity (left hand)
 G - a ring of positive energy (right hand)
Wands
 k - a wand of digging (6/24)
 r - a wand of flame (29/48)
 u - a wand of confusion (27/48)
 w - a wand of polymorph (11/24)
Scrolls
 f - a scroll of identify
 h - 3 scrolls of teleportation
 n - 3 scrolls of enchant armour
 o - a scroll of amnesia
 x - 2 scrolls of remove curse
Potions
 d - a potion of cancellation
 i - a potion of flight
 q - 2 potions of cure mutation
 s - a potion of mutation
 v - 2 potions of degeneration
 A - a potion of magic
Books
 b - a book of Changes

   Spells                             Type                      Level
   a - Beastly Appendage              Transmutation                1
   b - Sticks to Snakes               Transmutation                2
   c - Spider Form                    Transmutation/Poison         3
   d - Ice Form                       Ice/Transmutation            4
   e - Blade Hands                    Transmutation                5
 y - a book of the Earth

   Spells                             Type                      Level
   a - Leda's Liquefaction            Hexes/Earth                  4
   b - Bolt of Magma                  Conjuration/Fire/Earth       5
   c - Statue Form                    Transmutation/Earth          6
   d - Iron Shot                      Conjuration/Earth            6
   e - Shatter                        Earth                        9
 z - a book of Beasts

   Spells                             Type                      Level
   a - Summon Butterflies             Summoning                    1
   b - Call Canine Familiar           Summoning                    3
   c - Summon Ice Beast               Ice/Summoning                4
   d - Summon Mana Viper              Hexes/Summoning              5
   e - Summon Hydra                   Summoning                    7
 C - a book of Transfigurations

   Spells                             Type                      Level
   a - Irradiate                      Conjuration/Transmutation    5
   b - Statue Form                    Transmutation/Earth          6
   c - Hydra Form                     Transmutation                6
   d - Dragon Form                    Transmutation                7
Miscellaneous
 F - a phial of floods
Comestibles
 c - 2 bread rations
 m - 4 meat rations
 p - 17 fruits
 D - 9 chunks of flesh


   Skills:
 + Level 6.8 Fighting
 + Level 6.8 Dodging
 * Level 10.9 Unarmed Combat
 + Level 5.6 Spellcasting
 + Level 7.1 Transmutations
 + Level 5.8 Ice Magic


You had 11 spell levels left.
You knew the following spells:

 Your Spells              Type           Power        Failure   Level  Hunger
a - Blade Hands           Trmt           ###.......   28%         5    ######.
c - Ice Form              Ice/Trmt       ###.....     14%         4    ####...
q - Beastly Appendage     Trmt           ###...       1%          1    None


Dungeon Overview and Level Annotations

Branches:
Dungeon (10/15)            Temple (1/1) D:6             Orc (0/2) D:10
   Lair: D:8-11

Altars:
Ashenzari
Cheibriados
Dithmenos
Elyvilon
Fedhas
Gozag
Kikubaaqudgha
Makhleb
Nemelex Xobeh
Okawaru
Pakellas
Qazlal
Ru
Sif Muna
Trog
Vehumet
Xom
Yredelemnul
Zin
The Shining One
Beogh

Shops:
D:8 :*   D:9 !


Innate Abilities, Weirdness & Mutations

You can walk through water.
Your dull iron-grey scales are very hard (AC +12).
Your body does not fit into most forms of armour.
You can survive without breathing.
You are cold-blooded and may be slowed by cold attacks.
You cannot study or cast Conjurations magic.
You cannot study or cast Hexes magic.
You cannot study or cast Poison magic.
You have large cloven feet.


Message History

* * * LOW HITPOINT WARNING * * *
Something hits you but does no damage. Something hits you.
* * * LOW HITPOINT WARNING * * *
You miss something. You kick something! Something hits you but does no damage.
Something hits you.
* * * LOW HITPOINT WARNING * * *
You punch something! Your kick misses something.
Your tail-slap misses something.
Something completely misses you.
You swing at nothing.
Something hits you but does no damage.
You barely miss something. Your kick misses something.
Something hits you but does no damage. x2; Something barely misses you.
Drink which item? (? for menu, Esc to quit)
Okay, then.
Okay, then.
Read which item? (? for menu, Esc to quit)
As you read the scroll of teleportation, it crumbles to dust.
You feel strangely unstable. Something closely misses you. Something hits you.
You die...

##.......'........#.#
.........########.#.#
#..........< #.#.#
............# #.#.#
###...#.....# #.#.#
....#.###########.#.#
#.....###.........#.#
..............#####.#
####)#.##.###.#.@...#
#.........# #.#.#####
#.#..#.#..# #.#.###
#......#..###.....#######.#
###.#..#..#.....#.##......#
..#.#..#..#.#.........#
#.#.#.......(.....##..#
#.#.#.##....###.####..#
#.#...#............##.#


There were no monsters in sight!

Vanquished Creatures
  Erica (D:8)
  Erolcha (D:8)
  The ghost of Malvoorn the Grappler, a novice TrMo (D:7)
  3 hill giants
  A queen bee (D:10)
  3 trolls
  A wyvern (D:8)
  5 yaks (D:9)
  2 hippogriffs
  Grum (D:7)
  A steam dragon (D:9)
  A water moccasin (D:8)
  4 orc warriors
  7 sky beasts
  A black bear (D:7)
  An ice beast (D:6)
  2 phantoms
  5 ogres
  5 centaurs
  3 wolves
  3 giant frogs
  A big kobold (D:7)
  5 scorpions
  19 killer bees
  2 howler monkeys
  5 crimson imps
  A quasit (D:8)
  2 giant frog zombies
  3 jellies
  10 orc priests
  2 centaur skeletons
  6 hounds
  4 giant frog skeletons
  An iguana (D:7)
  12 orc wizards
  6 worker ants
  A hound skeleton (D:6)
  A howler monkey zombie (D:10)
  A worker ant zombie (D:5)
  4 gnolls (D:8)
  14 adders
  2 howler monkey skeletons
  3 oozes
  2 adder zombies
  3 adder skeletons
  A worm (D:2)
  The ghost of pedritolo the Skirmisher, a weakling CeFi (D:4)
  4 dart slugs
  4 giant geckos
  46 orcs
  5 bats
  5 giant cockroaches
  11 goblins
  15 hobgoblins
  10 jackals
  6 quokkas
  3 ball pythons
  7 giant newts
  15 kobolds
  A quokka zombie (D:5)
  10 rats
  4 plants
310 creatures vanquished.

Vanquished Creatures (others)
  3 plants
3 creatures vanquished.

Grand Total: 313 creatures vanquished

Notes
Turn   | Place    | Note
--------------------------------------------------------------
     0 | D:1      | Joat the Draconian Transmuter began the quest for the Orb.
     0 | D:1      | Reached XP level 1. HP: 16/16 MP: 3/3
   308 | D:1      | Reached XP level 2. HP: 20/23 MP: 5/5
   641 | D:1      | Reached XP level 3. HP: 25/28 MP: 6/6
   662 | D:1      | Learned a level 3 spell: Spider Form
  1643 | D:2      | Found a sparkling altar of Nemelex Xobeh.
  1740 | D:2      | Reached XP level 4. HP: 19/36 MP: 7/7
  2115 | D:2      | Reached skill level 4 in Unarmed Combat
  2117 | D:2      | Reached skill level 1 in Poison Magic
  2933 | D:3      | Reached XP level 5. HP: 42/42 MP: 8/8
  3011 | D:3      | Found a shattered altar of Ashenzari.
  3367 | D:3      | Found a blossoming altar of Fedhas.
  3486 | D:3      | Reached XP level 6. HP: 45/50 MP: 6/9
  3930 | D:4      | Reached skill level 5 in Unarmed Combat
  3963 | D:4      | Found a sacrificial altar of Ru.
  3971 | D:4      | Became a worshipper of Ru the Awakened
  4179 | D:4      | Found a deep blue altar of Sif Muna.
  4248 | D:4      | Noticed pedritolo's ghost (weakling CeFi)
  4262 | D:4      | Killed pedritolo's ghost
  4636 | D:4      | Found a glowing golden altar of the Shining One.
  4889 | D:4      | Learned a level 4 spell: Ice Form
  5004 | D:5      | Entered Level 5 of the Dungeon
  5032 | D:5      | Your scales start taking on a dull iron-grey colour.
  5032 | D:5      | Reached XP level 7. HP: 57/57 MP: 8/10
  5032 | D:5      | Gained mutation: You can survive without breathing. [Grey Draconian growth]
  5314 | D:5      | Found a radiant altar of Vehumet.
  5406 | D:5      | Reached skill level 6 in Unarmed Combat
  5578 | D:5      | Reached XP level 8. HP: 66/66 MP: 8/11
  5943 | D:5      | Found a sacrificial altar of Ru.
  6040 | D:5      | Found a shadowy altar of Dithmenos.
  6041 | D:5      | Found an iron altar of Okawaru.
  6043 | D:5      | Found a shimmering altar of Xom.
  6044 | D:5      | Found a sacrificial altar of Ru.
  6514 | D:6      | Reached skill level 7 in Unarmed Combat
  6743 | D:6      | Found a staircase to the Ecumenical Temple.
  6749 | Temple   | Entered the Ecumenical Temple
  7180 | D:6      | Found a radiant altar of Vehumet.
  7579 | D:7      | Noticed Malvoorn's ghost (novice TrMo)
  7583 | D:6      | Gained mutation: You cannot study or cast Poison magic. [Ru sacrifice]
  7583 | D:6      | Gained mutation: You cannot study or cast Hexes magic. [Ru sacrifice]
  7583 | D:6      | Gained mutation: You cannot study or cast Conjurations magic. [Ru sacrifice]
  7583 | D:6      | Reached * piety under Ru
  7715 | D:7      | Reached XP level 9. HP: 68/71 MP: 13/13
  7735 | D:7      | Found a glowing silver altar of Zin.
  7996 | D:7      | Reached skill level 8 in Unarmed Combat
  7996 | D:7      | Reached skill level 1 in Ice Magic
  8268 | D:7      | Found a basalt altar of Yredelemnul.
  8284 | D:7      | Reached skill level 5 in Transmutations
  8423 | D:7      | Learned a level 5 spell: Blade Hands
  8848 | D:7      | Reached skill level 5 in Dodging
  8912 | D:7      | Found a stormy altar of Qazlal.
  9070 | D:7      | Killed Malvoorn's ghost
  9256 | D:8      | Found Erenume's Book Shoppe.
  9264 | D:8      | Noticed a hill giant
  9362 | D:8      | Noticed Grum
  9364 | D:8      | Reached skill level 9 in Unarmed Combat
  9371 | D:7      | Reached XP level 10. HP: 78/80 MP: 16/16
  9830 | D:7      | Killed Grum
  9930 | D:8      | Killed a hill giant
 10177 | D:8      | Reached skill level 5 in Fighting
 10290 | D:8      | Noticed Erica
 10310 | D:8      | Killed Erica
 10557 | D:8      | Found a blossoming altar of Fedhas.
 10663 | D:8      | Noticed Erolcha
 10683 | D:8      | Killed Erolcha
 10683 | D:8      | Reached skill level 5 in Ice Magic
 10831 | D:8      | Reached skill level 10 in Unarmed Combat
 10831 | D:8      | Reached skill level 5 in Spellcasting
 10841 | D:8      | Found Cecver's Serpentskin Sales.
 11552 | D:9      | Reached XP level 11. HP: 86/89 MP: 15/18
 11866 | D:9      | Found Gival's Distillery.
 11871 | D:9      | Bought a potion of beneficial mutation for 455 gold pieces
 11871 | D:9      | Bought a potion of heal wounds for 65 gold pieces
 11871 | D:9      | Gained mutation: You have large cloven feet. [potion of beneficial mutation]
 12333 | D:10     | Entered Level 10 of the Dungeon
 12366 | D:10     | Noticed a hill giant
 12374 | D:10     | Killed a hill giant
 12818 | D:10     | Noticed a hill giant
 12834 | D:10     | Killed a hill giant
 13515 | D:10     | Found a staircase to the Orcish Mines.
 13522 | D:10     | Found a roughly hewn altar of Beogh.
 13662 | D:10     | Slain by an unseen horror

Skill      XL: |  1  2  3  4  5  6  7  8  9 10 11 |
---------------+----------------------------------+-----
Dodging        | 2 3 4 5 6 |  6.8
Fighting       | 2 3 4 6 |  6.8
Unarmed Combat | 4 5 6 7 9 10 | 10.9
Poison Magic   | 1 2 3 0 |  0.0
Transmutations | 3 4 5 6 7 |  7.1
Spellcasting   | 4 5 |  5.6
Ice Magic      | 4 5 |  5.8

Action                   |  1- 3 |  4- 6 |  7- 9 | 10-12 || total
-------------------------+-------+-------+-------+-------++-------
Melee: Unarmed           |   257 |   267 |   450 |   458 ||  1432
       Tailslap          |    32 |    21 |    44 |    62 ||   159
       Punch             |     6 |     3 |     9 |    14 ||    32
       Kick              |     5 |     2 |       |    51 ||    58
       Headbutt          |     1 |     2 |    37 |     2 ||    42
 Cast: Beastly Appendage |     3 |     9 |    17 |     2 ||    31
       Spider Form       |       |    11 |    14 |       ||    25
       Ice Form          |       |       |     1 |    14 ||    15
Invok: Reject Sacrifices |       |       |     1 |     1 ||     2
       Sacrifice Arcana  |       |       |     1 |       ||     1
Evoke: Wand              |       |       |       |     1 ||     1
  Use: Potion            |     1 |     2 |     4 |     6 ||    13
       Scroll            |       |     5 |       |    10 ||    15
 Stab: Sleeping          |     2 |     1 |     3 |     2 ||     8
       Distracted        |       |       |     1 |     3 ||     4
  Eat: Chunk             |     3 |    13 |    11 |    14 ||    41
       Beef jerky        |       |       |     1 |       ||     1
       Bread ration      |       |       |     1 |     1 ||     2
Armor: Skin              |    30 |    58 |   101 |   122 ||   311
Dodge: Dodged            |    87 |   163 |   329 |   286 ||   865
